 Dungeon Crawl Stone Soup version 0.31-a0-524-g2a164cf6a2 (webtiles) character file.

Game seed: 8714962818081760790

1471 AdnanSaban the Cudgeller (level 8, -6/50 HPs)
             Began as a Gargoyle Fighter on Aug 12, 2023.
             Mangled by a two-headed ogre
             ... wielding a +0 giant club
              (14 damage)
             ... on level 7 of the Dungeon.
             The game lasted 00:06:02 (5556 turns).

AdnanSaban the Cudgeller (Gargoyle Fighter)         Turns: 5556, Time: 00:06:03

Health: -6/50      AC: 23    Str: 21    XL:     8   Next: 78%
Magic:  8/8        EV:  7    Int: 10    God:
Gold:   375        SH:  5    Dex: 15    Spells: 7/7 levels left

rFire   . . .        a - +0 flail
rCold   . . .        c - +0 buckler
rNeg    + . .        f - +0 plate armour
rPois   ∞            J - +2 hat
rElec   +            j - +0 cloak
rCorr   .            (no gloves)
SInv    .            G - +0 pair of boots "Jeiwn" {rPois Dex+6}
Will    .....        K - amulet of regeneration Stlth
                     g - ring of flight
HPRegen 1.08/turn    (no ring)
MPRegen 0.11/turn

%: no passive effects
@: flying
A: sickness immunity, AC +5, negative energy resistance 1, electricity
resistance, torment resistance 1, petrification resistance
a: no special abilities


You were on level 7 of the Dungeon.
You visited 1 branch of the dungeon, and saw 7 of its levels.

You collected 375 gold pieces.

Inventory:

Hand Weapons
 a - a +0 flail (weapon)
Missiles
 o - 9 boomerangs
 v - 4 javelins
 z - a poisoned dart (quivered)
Armour
 c - a +0 buckler (worn)
 f - a +0 plate armour (worn)
 j - a +0 cloak (worn)
 G - the +0 pair of boots "Jeiwn" (worn) {rPois Dex+6}
   (You found it on level 4 of the Dungeon)

   Dex+6:     It affects your dexterity (+6).
   rPois:     It protects you from poison
 J - a +2 hat (worn)
Jewellery
 g - a ring of flight (left hand)
 K - an amulet of regeneration (around neck)
Wands
 b - a wand of paralysis (7)
 x - a wand of light (2)
Scrolls
 e - 4 scrolls of teleportation {unknown}
 h - a scroll of brand weapon {unknown}
 l - 2 scrolls of enchant armour {unknown}
 m - a scroll of enchant weapon {unknown}
 p - 5 scrolls of identify {unknown}
 q - a scroll of poison {unknown}
 r - a scroll of fear {unknown}
 s - a scroll of blinking {unknown}
 t - a scroll of fog {unknown}
 y - a scroll of silence {unknown}
 B - 2 scrolls of revelation {unknown}
 C - a scroll of torment {unknown}
 D - 2 scrolls of vulnerability {unknown}
 F - 3 scrolls of noise {unknown}
 H - a scroll of butterflies {unknown}
Potions
 d - 2 potions of might
 i - 3 potions of heal wounds {unknown}
 k - 2 potions of berserk rage {unknown}
 n - 4 potions of curing {unknown}
 u - 4 potions of haste {unknown}
 w - 2 potions of lignification {unknown}
 A - 2 potions of attraction {unknown}
 E - 2 potions of brilliance {unknown}


   Skills:
 + Level 5.4 Fighting
 + Level 7.4 Maces & Flails
 + Level 0.1 Throwing
 + Level 6.4 Armour
 + Level 1.8 Dodging
 + Level 0.4 Stealth
 + Level 5.0 Shields


You had 7 spell levels left.
You didn't know any spells.
Your spell library contained the following spells:

 Spells                   Type           Power      Damage    Failure   Level
 Apportation              Tloc           0%         N/A       100%        1
 Freeze                   Ice            0%         1d3       100%        1
 Magic Dart               Conj           0%         1d3       100%        1
 Call Imp                 Summ           0%         N/A       100%        2
 Frozen Ramparts          Ice            0%         1d1       100%        3
 Hailstorm                Conj/Ice       0%         3d3       100%        3
 Mephitic Cloud           Conj/Pois/Air  0%         N/A       100%        3
 Alistair's Intoxication  Tmut/Pois      0%         N/A       100%        5


Dungeon Overview and Level Annotations

Branches:
Dungeon (7/15)
 Temple: D:4-7

Altars:
Ashenzari
Cheibriados
Dithmenos
Elyvilon
Fedhas
Kikubaaqudgha
Qazlal
Sif Muna
Uskayaw
Wu Jian
Yredelemnul

Shops:
D:2 *![:?


Innate Abilities, Weirdness & Mutations

You are immune to sickness and miasma.
Your stone body is resilient. (AC +5)
You are immune to poison.
You resist negative energy. (rN+)
You are resistant to electric shocks. (rElec)
You are resistant to unholy torment.
You are immune to petrification.


Message History

You miss something. Something hits you but does no damage.
You hit something. Something hits you but does no damage.
You hit something. You block something's attack.
You see here a bullfrog corpse.
Found 6 stones.
Found a scroll labelled ABLAGI IRITIRITZ.
Found a scroll labelled DALACZ PUASUXZE.
An orc warrior comes into view. It is wielding a +0 battleaxe.
You hit the orc warrior but do no damage.
An orc comes into view. It is wielding a +0 whip.
The orc warrior hits you with a +0 battleaxe.
The orc shouts!
You thump the orc warrior!
The orc warrior is severely wounded.
The orc warrior hits you but does no damage.
You barely miss the orc warrior.
The orc warrior is severely wounded.
The two-headed ogre hits you with a +0 giant club!
The two-headed ogre hits you with a +0 giant spiked club!!
The orc warrior hits you but does no damage.
You thump the orc warrior!
The orc warrior is almost dead.
The orc warrior barely misses you.
The two-headed ogre barely misses you. x2
You hit the orc warrior.
You kill the orc warrior!
You hit the orc but do no damage.
The two-headed ogre hits you but does no damage. x2
The orc hits you with a +0 whip.
You barely miss the orc.
The two-headed ogre hits you with a +0 giant club!
* * * LOW HITPOINT WARNING * * *
The two-headed ogre hits you but does no damage.
The orc hits you but does no damage.
You hit the orc.
The orc is lightly wounded.
You block the orc's attack.
Unknown command.
You hit the orc but do no damage.
The two-headed ogre hits you with a +0 giant club!
You die...

#.# #.# #'# #.......^#
#### #...(....+ ?...
#....(..(# #.. #.......(#
# #.#### #........+
#.#########....+
#........##.##.o@Oo......#
##$..o.......#.#######...#
.....# . #.?.#.# #....#.#
#.#.#.# #....#.# #.#.#.#
#....#)#.#.#.#.#
#..)O......#.#.# #..{...#
..#.#######
#.##†#########....(...


You could see a two-headed ogre, an orc wizard and an orc.

Vanquished Creatures
  3 yaks
  An ogre (D:5)
  An orc warrior (D:7)
  A centaur (D:6)
  2 phantoms (D:5)
  A bullfrog (D:7)
  2 scorpions
  A howler monkey (D:5)
  2 hounds
  3 orc priests
  An iguana (D:4)
  2 orc wizards (D:6)
  A gnoll (D:3)
  4 adders
  2 shadow imps (D:6)
  A white imp (D:6)
  An ufetubus (D:5)
  3 worms
  3 dart slugs
  17 orcs
  6 bats
  6 endoplasms
  4 giant cockroaches
  6 goblins
  6 hobgoblins
  4 jackals (D:3)
  10 quokkas
  6 ball pythons
  5 frilled lizards
  14 kobolds
  5 rats
124 creatures vanquished.

Vanquished Creatures (others)
  A hobgoblin (D:3)
1 creature vanquished.

Grand Total: 125 creatures vanquished

Notes
Turn   | Place    | Note
-------+----------+-------------------------------------------
     0 | D:1      | AdnanSaban the Gargoyle Fighter began the quest for the
                  | Orb.
     0 | D:1      | Reached XP level 1. HP: 14/14 MP: 1/1
   116 | D:1      | Reached XP level 2. HP: 17/19 MP: 2/2
   363 | D:1      | Reached XP level 3. HP: 23/23 MP: 3/3
   680 | D:2      | Reached skill level 3 in Maces & Flails
   680 | D:2      | Reached XP level 4. HP: 25/29 MP: 4/4
   847 | D:2      | Found Maegi's Distillery.
   930 | D:2      | Reached XP level 5. HP: 28/33 MP: 5/5
   949 | D:2      | Found a faded altar of an unknown god.
   959 | D:2      | Found Leutiyh's Magic Scroll Shoppe.
   972 | D:2      | Found Wudaheba's Antique Armour Emporium.
  1106 | D:2      | Found Dixokh's Assorted Antiques.
  1207 | D:2      | Found an ornate altar of the Wu Jian Council.
  1441 | D:2      | Found Wocec's Book Emporium.
  1744 | D:3      | Reached skill level 4 in Maces & Flails
  2108 | D:3      | Found a shimmering blue altar of Sif Muna.
  2469 | D:4      | Reached XP level 6. HP: 17/38 MP: 6/6
  2658 | D:4      | Reached skill level 1 in Dodging
  3014 | D:4      | Reached skill level 5 in Maces & Flails
  3200 | D:4      | Identified the +0 pair of boots "Jeiwn" {rPois Dex+6}
  3450 | D:5      | Entered Level 5 of the Dungeon
  3588 | D:5      | Found an ancient bone altar of Kikubaaqudgha.
  3588 | D:5      | Found a shadowy altar of Dithmenos.
  3588 | D:5      | Found a hide-covered altar of Uskayaw.
  3588 | D:5      | Found a snail-covered altar of Cheibriados.
  3589 | D:5      | Found a broken altar of Ashenzari.
  3589 | D:5      | Found a stormy altar of Qazlal.
  3590 | D:5      | Found an ornate altar of the Wu Jian Council.
  3592 | D:5      | Found a blossoming altar of Fedhas.
  3592 | D:5      | Found a white marble altar of Elyvilon.
  3593 | D:5      | Found a basalt altar of Yredelemnul.
  3641 | D:5      | Reached XP level 7. HP: 30/44 MP: 7/7
  4196 | D:6      | Reached skill level 5 in Armour
  4285 | D:6      | Noticed a boulder beetle
  4420 | D:6      | Reached skill level 6 in Maces & Flails
  4628 | D:6      | Noticed a yak
  4628 | D:6      | Noticed a yak
  4667 | D:5      | Killed a yak
  4668 | D:5      | Reached skill level 5 in Fighting
  4668 | D:5      | Reached XP level 8. HP: 34/49 MP: 8/8
  4729 | D:6      | Noticed a yak
  4757 | D:6      | Killed a yak
  4767 | D:5      | Killed a yak
  4768 | D:5      | Reached skill level 7 in Maces & Flails
  5376 | D:7      | Noticed a two-headed ogre
  5515 | D:7      | Reached skill level 5 in Shields
  5556 | D:7      | Mangled by a two-headed ogre

Illustrated notes

Levels and vault maps discovered:
D:1:      scummos_arrival_checkerplants, layout_rooms
D:2:      layout_loops_ring, basic_altar, hellmonk_ecumenical_altar_blasted,
          serial_shops, shop, shop, nicolae_shop_window_shopping, shop_statue,
          shop, kennysheep_generic_room_10
D:3:      minmay_skewed_foursquare, layout_loops_ring,
          nicolae_overflow_crystal_walls
D:4:      layout_basic, nicolae_twisty_statue_hallways
D:5:      layout_cave_pools, nicolae_overflows_in_rows
D:6:      nicolae_cairo_tiling, layout_loops_ring,
          nicolae_tso_swordbearing_angel, kennysheep_potato
D:7:      layout_basic, minmay_temple_entry_poolview

Skill      XL: |  1  2  3  4  5  6  7  8 |
---------------+-------------------------+-----
Maces & Flails | 3 4 5 6 7 |  7.4
Fighting       | 4 5 |  5.4
Armour         | 4 5 6 |  6.4
Dodging        | 1 |  1.8
Shields        | 4 5 |  5.0
Throwing       | |  0.1
Stealth        | |  0.4

Action                     |  1- 3 |  4- 6 |  7- 9 || total
---------------------------+-------+-------+-------++-------
  Melee: Flail             |    90 |   297 |   156 ||   543
  Throw: Dart              |       |       |     4 ||     4
 Armour: Scale mail        |    42 |   190 |       ||   232
         Plate armour      |       |    11 |   108 ||   119
  Dodge: Dodged            |    51 |   155 |    39 ||   245
  Block: Buckler           |    16 |    68 |    44 ||   128

Table legend: (Time is in decaauts)
 A = Elapsed time spent in this place.
 B = Non-inter-level travel time spent in this place.
 C = Inter-level travel time spent in this place.
 D = Time resting spent in this place.
 E = Time spent auto-exploring this place.
 F = Levels seen in this place.
 G = Mean time per level.
                   A        B        C        D        E       F      G
               +--------+--------+--------+--------+--------+-----+--------+
         Total |   5670 |   5421 |    249 |    450 |   3686 |   7 |  810.0 |
       Dungeon |   5670 |   5421 |    249 |    450 |   3686 |   7 |  810.0 |
               +--------+--------+--------+--------+--------+-----+--------+

Top non-repeatable levels by time:
     D:4: 1066 daAuts
     D:5: 1033 daAuts
     D:6: 1015 daAuts
     D:3: 941 daAuts
     D:2: 915 daAuts
     D:1: 615 daAuts
     D:7: 84 daAuts
